 Dungeon Crawl Stone Soup version 0.28-a0-948-gee6e0bcda6 (webtiles) character file.

Game seed: 6363356374825175449

625 Gargoyl the Skirmisher (level 7, -11/60 HPs)
             Began as a Gnoll Abyssal Knight on Nov 30, 2021.
             Was a Believer of Lugonu.
             Mangled by an ogre (18 damage)
             ... on level 4 of the Dungeon.
             The game lasted 00:05:16 (4256 turns).

Gargoyl the Skirmisher (Gnoll Abyssal Knight)       Turns: 4256, Time: 00:05:16

Health: -11/60     AC: 16    Str: 15    XL:     7   Next: 47%
Magic:  11/11      EV: 10    Int:  9    God:    Lugonu [**....]
Gold:   181        SH:  0    Dex: 12    Spells: 11/11 levels left

rFire   + . .      SeeInvis .   a - +1 hand axe
rCold   . . .      Faith    .   (no shield)
rNeg    . . .      Spirit   .   b - +2 scale mail {rF+}
rPois   .          Reflect  .   j - +0 helmet
rElec   .          Harm     .   (no cloak)
rCorr   .          Rampage  .   f - +1 pair of gloves
Will    .....                   c - +2 pair of boots
Stlth   +.........              (no amulet)
HPRegen 0.20/turn               (no ring)
MPRegen 0.12/turn               (no ring)

@: about to teleport
A: fangs 1, strong nose, distributed training
a: Renounce Religion, Depart the Abyss, Bend Space


You were on level 4 of the Dungeon.
You worshipped Lugonu.
Lugonu was pleased with you.
You visited 1 branch of the dungeon, and saw 4 of its levels.
You visited the Abyss 1 time.

You collected 181 gold pieces.

Inventory:

Hand Weapons
 a - a +1 hand axe (weapon)
Missiles
 i - a throwing net
Armour
 b - a +2 scale mail of fire resistance (worn)
 c - a +2 pair of boots (worn)
 f - a +1 pair of gloves (worn)
 j - a +0 helmet (worn)
Wands
 m - a wand of iceblast (12)
Scrolls
 g - a scroll of magic mapping {unknown}
 k - a scroll of identify
Potions
 e - a potion of curing {unknown}
 h - a potion of attraction
 l - a potion of mutation {unknown}


   Skills:
 + Level 7.0 Fighting
 + Level 2.5 Short Blades
 + Level 2.5 Long Blades
 + Level 5.2 Axes
 + Level 2.5 Maces & Flails
 + Level 2.5 Polearms
 + Level 2.5 Staves
 + Level 2.5 Slings
 + Level 2.5 Bows
 + Level 2.5 Crossbows
 + Level 2.5 Throwing
 + Level 5.2 Armour
 + Level 3.6 Dodging
 + Level 2.5 Stealth
 + Level 2.5 Shields
 + Level 2.5 Unarmed Combat
 + Level 2.5 Spellcasting
 + Level 2.0 Conjurations
 + Level 2.0 Hexes
 + Level 2.0 Summonings
 + Level 2.0 Necromancy
 + Level 2.0 Translocations
 + Level 2.0 Transmutations
 + Level 2.0 Fire Magic
 + Level 2.0 Ice Magic
 + Level 2.0 Air Magic
 + Level 2.0 Earth Magic
 + Level 2.0 Poison Magic
 + Level 5.4 Invocations
 + Level 2.5 Evocations


You had 11 spell levels left.
You didn't know any spells.
Your spell library contained the following spells:

 Spells                   Type           Power      Damage    Failure   Level
 Blink                    Tloc           8%         N/A       58%         2
 Static Discharge         Conj/Air       4%         N/A       58%         2
 Lightning Bolt           Conj/Air       2%         1d13      100%        5
 Manifold Assault         Tloc           4%         N/A       100%        5
 Storm Form               Tmut/Air       2%         N/A       100%        7
 Maxwell's Capacitive Co  Air            2%         ∞         100%        8


Dungeon Overview and Level Annotations

Branches:
Dungeon (4/15)
 Temple: D:4-7

Altars:


Innate Abilities, Weirdness & Mutations

You have very sharp teeth.
Your uncanny sense of smell can sniff out nearby items.
Your experience applies equally to all skills.


Message History

You are poisoned.
The adder poisons you!
You feel sick. The adder barely misses you.
You feel sick.
Things that are here:
a +0 whip; a +0 ring mail; an orc corpse You closely miss the adder.
The adder is almost dead.
You feel sick. The adder barely misses you.
The orc priest mumbles some strange prayers to Beogh against you.
Beogh smites you!
You barely miss the adder.
The adder is almost dead.
You feel sick. The adder barely misses you. The adder completely misses you.
You miss the adder. You bite the adder.
The adder is almost dead.
You feel sick.
You are no longer poisoned.
The adder bites you but does no damage.
The orc priest begins to cast a cantrip, but forgets the words!
You hit the adder.
You kill the adder!
Lugonu accepts your kill.
You hit the ogre.
The ogre is lightly wounded.
The ogre hits you with a +0 giant spiked club!
You hit the ogre.
The ogre is moderately wounded.
The ogre hits you but does no damage.
You hit the ogre. Your bite misses the ogre.
The ogre is moderately wounded.
The ogre hits you with a +0 giant spiked club!
* * * LOW HITPOINT WARNING * * *
Okay, then.
Okay, then.
As you read the scroll of teleportation, it crumbles to dust.
You feel strangely unstable.
The orc priest casts a cantrip, but nothing happens.
The ogre hits you with a +0 giant spiked club!!
You die...

......#.########..........
######..>...# #..........
.)......[)..# #..........
#.####......# #...o......
#.## #......# #..........
#..###......# #..........
............# #o#######..
∆ ............# #O#
♣.♣.......### #@#
.......##.## #)# ####### ∆
♣.♣♣...##..# #.# #.....#
.♣.♣...###.# #.# #.###.#
......## #.## #.# #.#.#.#
......# #..# #.#
#...#.#### ...#.## ##.#
#.# #.#.#....# .....# #.#
#.# ###.####.### .)####
#.# #.# #.# #....


You could see an ogre and an orc priest.

Vanquished Creatures
  Pargi (D:4)
  A phantom (D:4)
  3 killer bees (D:4)
  A howler monkey (D:4)
  A jelly (D:4)
  An orc priest (D:3)
  2 iguanas
  Terence (D:2)
  An orc wizard (D:4)
  Robin (D:3)
  3 adders
  An ufetubus (D:4)
  A worm (D:3)
  10 orcs
  2 ball pythons
  3 endoplasms
  A giant cockroach (D:1)
  10 goblins
  10 hobgoblins
  4 jackals (D:2)
  4 kobolds
  2 quokkas
  5 bats
  6 frilled lizards
  6 rats
81 creatures vanquished.

Notes
Turn   | Place    | Note
-------+----------+-------------------------------------------
     0 | Abyss:1  | Gargoyl the Gnoll Abyssal Knight began the quest for the
                  | Orb.
     0 | Abyss:1  | Reached XP level 1. HP: 23/23 MP: 3/3
     9 | Abyss:1  | Found a corrupted altar of Lugonu.
    76 | Abyss:2  | Noticed a smoke demon
   158 | Abyss:2  | Noticed a large abomination
   161 | D:1      | Escaped the Abyss
   485 | D:1      | Reached * piety under Lugonu
   777 | D:1      | Reached XP level 2. HP: 25/29 MP: 5/5
  1246 | D:2      | Noticed Terence
  1259 | D:2      | Killed Terence
  1260 | D:2      | Reached XP level 3. HP: 9/35 MP: 6/6
  1546 | D:2      | Reached skill level 1 in Short Blades
  1546 | D:2      | Reached skill level 1 in Long Blades
  1546 | D:2      | Reached skill level 1 in Maces & Flails
  1546 | D:2      | Reached skill level 1 in Polearms
  1546 | D:2      | Reached skill level 1 in Staves
  1546 | D:2      | Reached skill level 1 in Slings
  1546 | D:2      | Reached skill level 1 in Bows
  1546 | D:2      | Reached skill level 1 in Crossbows
  1546 | D:2      | Reached skill level 1 in Throwing
  1546 | D:2      | Reached skill level 1 in Stealth
  1546 | D:2      | Reached skill level 1 in Shields
  1546 | D:2      | Reached skill level 1 in Unarmed Combat
  1546 | D:2      | Reached skill level 1 in Spellcasting
  1546 | D:2      | Reached skill level 1 in Evocations
  1546 | D:2      | Reached XP level 4. HP: 12/41 MP: 7/7
  2247 | D:3      | Noticed Robin
  2265 | D:4      | Reached skill level 1 in Conjurations
  2265 | D:4      | Reached skill level 1 in Hexes
  2265 | D:4      | Reached skill level 1 in Summonings
  2265 | D:4      | Reached skill level 1 in Necromancy
  2265 | D:4      | Reached skill level 1 in Translocations
  2265 | D:4      | Reached skill level 1 in Transmutations
  2265 | D:4      | Reached skill level 1 in Fire Magic
  2265 | D:4      | Reached skill level 1 in Ice Magic
  2265 | D:4      | Reached skill level 1 in Air Magic
  2265 | D:4      | Reached skill level 1 in Earth Magic
  2265 | D:4      | Reached skill level 1 in Poison Magic
  2265 | D:4      | Reached ** piety under Lugonu
  2311 | D:3      | Killed Robin
  2390 | D:3      | Reached XP level 5. HP: 37/47 MP: 8/8
  3542 | D:4      | Reached skill level 5 in Invocations
  3583 | D:4      | Noticed Pargi
  3608 | D:4      | Killed Pargi
  3609 | D:4      | Reached skill level 5 in Axes
  3609 | D:4      | Reached skill level 5 in Armour
  3609 | D:4      | Reached XP level 6. HP: 42/53 MP: 9/9
  3873 | D:4      | Reached XP level 7. HP: 50/59 MP: 10/10
  3901 | D:4      | Reached skill level 7 in Fighting
  4256 | D:4      | Mangled by an ogre

Illustrated notes

Levels and vault maps discovered:
D:1:      sevenhm_arrival_forest_fort_large_4, layout_loops_corners
D:2:      layout_rooms, roderic_serpentine_path, uniq_terence
D:3:      layout_rooms, uniq_robin
D:4:      layout_basic, serial_shops, shop, chequers_garden, uniq_pargi

Skill      XL: |  1  2  3  4  5  6  7 |
---------------+----------------------+-----
Short Blades   | 1 2 |  2.5
Long Blades    | 1 2 |  2.5
Maces & Flails | 1 2 |  2.5
Polearms       | 1 2 |  2.5
Staves         | 1 2 |  2.5
Slings         | 1 2 |  2.5
Bows           | 1 2 |  2.5
Crossbows      | 1 2 |  2.5
Throwing       | 1 2 |  2.5
Stealth        | 1 2 |  2.5
Shields        | 1 2 |  2.5
Unarmed Combat | 1 2 |  2.5
Spellcasting   | 1 2 |  2.5
Evocations     | 1 2 |  2.5
Conjurations   | 1 2 |  2.0
Hexes          | 1 2 |  2.0
Summonings     | 1 2 |  2.0
Necromancy     | 1 2 |  2.0
Translocations | 1 2 |  2.0
Transmutations | 1 2 |  2.0
Fire Magic     | 1 2 |  2.0
Ice Magic      | 1 2 |  2.0
Air Magic      | 1 2 |  2.0
Earth Magic    | 1 2 |  2.0
Poison Magic   | 1 2 |  2.0
Dodging        | 3 |  3.6
Invocations    | 5 |  5.4
Axes           | 5 |  5.2
Armour         | 5 |  5.2
Fighting       | 7 |  7.0

Action                   |  1- 3 |  4- 6 |  7- 9 || total
-------------------------+-------+-------+-------++-------
Melee: Hand axe          |    73 |   239 |    81 ||   393
       Bite              |     8 |    13 |    12 ||    33
       Punch             |     1 |     1 |       ||     2
Invok: Depart the Abyss  |     1 |       |       ||     1
Evoke: Wand              |     1 |     5 |     1 ||     7
  Use: Potion            |     1 |     1 |       ||     2
       Scroll            |       |     5 |     1 ||     6
Armor: Leather armour    |    39 |       |       ||    39
       Ring mail         |    27 |       |       ||    27
       Scale mail        |     1 |   192 |    49 ||   242
Dodge: Dodged            |    91 |   160 |    26 ||   277

Table legend: (Time is in decaauts)
 A = Elapsed time spent in this place.
 B = Non-inter-level travel time spent in this place.
 C = Inter-level travel time spent in this place.
 D = Time resting spent in this place.
 E = Time spent auto-exploring this place.
 F = Levels seen in this place.
 G = Mean time per level.
                   A        B        C        D        E       F      G
               +--------+--------+--------+--------+--------+-----+--------+
         Total |   4284 |   4197 |     87 |    889 |   2321 |   6 |  714.0 |
       Dungeon |   4123 |   4036 |     87 |    889 |   2227 |   4 | 1030.8 |
         Abyss |    160 |    160 |      0 |      0 |     94 |   2 |   80.0 |
               +--------+--------+--------+--------+--------+-----+--------+

Top non-repeatable levels by time:
     D:1: 1521 daAuts
     D:3: 1204 daAuts
     D:4: 835 daAuts
     D:2: 562 daAuts
 Abyss:2: 99 daAuts
 Abyss:1: 61 daAuts
